AoeStats
← SLTD.NinjaXXCrowXX

Arena

508791443Analyzed
1v1 RM · 9d ago on Sep 24, 2026· 32m 50s· 2 players
Game mode
Random Map
Map size
Tiny (2 player)
Population
200
Speed
Normal
Resources
Standard
Victory
Conquest
Starting age
Dark Age
Ending age
Imperial Age
RankedLock teamsTeams togetherTeam positionsShared explorationLock speedFull tech treeHidden civsTurbo modeCheats
Victory
Defeat
🇺🇸 Portuguese · United States
1179
+14
🇺🇸 Sicilians · United States
1142
-14
SLTD.NinjaXXCrowXX
5:26 Loom
9:58 Feudal Age
14:43 Castle Age
12:50 Double-Bit Axe
16:14 Horse Collar
17:25 Heavy Plow
22:44 Wheelbarrow
23:08 Bow Saw
22:58 Gold Mining
25:26 Hand Cart
25:54 Ballistics
25:53 Town Watch
26:27 Fletching
27:41 Town Patrol
31:51 Imperial Age
30:14 Padded Archer Armor
31:04 Masonry
30:52 Bodkin Arrow
31:19 Elite Skirmisher
32:36 Leather Archer Armor
32:49 Bracer
rugiero569
0:25 Loom
9:08 Feudal Age
9:42 Double-Bit Axe
14:43 Castle Age
12:43 Horse Collar
13:49 Loom
15:48 Bow Saw
16:24 Wheelbarrow
16:49 Loom
20:08 Heavy Plow
22:09 Gold Mining
22:47 Hand Cart
27:36 Imperial Age
25:13 Fletching
26:06 Padded Archer Armor
26:02 Bodkin Arrow
27:06 Leather Archer Armor
27:32 Ballistics
27:36 Stone Mining
27:28 Crossbowman
28:18 Thumb Ring
27:57 Arbalester
28:42 Bracer
29:12 Ring Archer Armor
30:41 Two-Man Saw
29:29 Capped Ram
31:22 Chemistry
32:25 Siege Engineers
32:41 Bombard Tower
Connection lost

Rejoining the realm…

Still unreachable

The connection could not be restored.

Session expired

The server has moved on; the page needs a fresh start.